 Dungeon Crawl Stone Soup version 0.21.0 (webtiles) character file.

10 Pedason the Digger (level 2, -1/23 HPs)
             Began as a Gnoll Wanderer on Jan 6, 2018.
             Slain by a jackal (3 damage)
             ... on level 1 of the Dungeon.
             The game lasted 00:01:01 (167 turns).

Pedason the Digger (Gnoll Wanderer)                  Turns: 167, Time: 00:01:01

Health: -1/23      AC:  2    Str: 13    XL:     2   Next: 20%
Magic:  5/5        EV: 11    Int: 13    God:
Gold:   28         SH:  0    Dex: 16    Spells: 5/6 levels left

rFire    . . .     SeeInvis .   a - +2 dagger
rCold    . . .     Gourm    .   (no shield)
rNeg     . . .     Faith    .   d - +0 robe
rPois    .         Spirit   .   (no helmet)
rElec    .         Reflect  .   (no cloak)
rCorr    .         Harm     .   (no gloves)
MR       .....                  (no boots)
Stlth    +++.......             (no amulet)
HPRegen  0.07/turn              (no ring)
MPRegen  0.09/turn              (no ring)

@: no status effects
A: distributed training, fangs 1, strong nose
a: no special abilities


You were on level 1 of the Dungeon.
You were not hungry.

You visited 1 branch of the dungeon, and saw 1 of its levels.

You collected 28 gold pieces.

Inventory:

Hand Weapons
 a - a +2 dagger (weapon)
Armour
 d - a +0 robe (worn)
Jewellery
 h - an uncursed amulet of faith {unknown}
Scrolls
 b - a scroll of fear
 g - a scroll of fog {unknown}
 i - a scroll of immolation {unknown}
 j - a scroll of identify {unknown}
Potions
 e - a potion of might {unknown}
Books
 c - the Papyrus of the Oath

   Spells                             Type                      Level
   a - Confusing Touch                Hexes                        1
   b - Portal Projectile              Hexes/Translocation          3
Comestibles
 f - a ration


   Skills:
 + Level 2.4 Fighting
 + Level 0.3 Short Blades
 + Level 0.3 Long Blades
 + Level 0.3 Axes
 + Level 0.3 Maces & Flails
 + Level 0.3 Polearms
 + Level 0.3 Staves
 + Level 0.3 Slings
 + Level 0.3 Bows
 + Level 0.3 Crossbows
 + Level 0.3 Throwing
 + Level 0.3 Armour
 + Level 0.3 Dodging
 + Level 4.0 Stealth
 + Level 0.3 Shields
 + Level 2.4 Unarmed Combat
 + Level 2.7 Spellcasting
 + Level 0.2 Conjurations
 + Level 2.0 Hexes
 + Level 0.2 Charms
 + Level 0.2 Summonings
 + Level 0.2 Necromancy
 + Level 0.2 Translocations
 + Level 0.2 Transmutations
 + Level 0.2 Fire Magic
 + Level 0.2 Ice Magic
 + Level 0.2 Air Magic
 + Level 5.3 Earth Magic
 + Level 0.2 Poison Magic
 + Level 0.4 Invocations
 + Level 2.4 Evocations


You had 5 spell levels left.
You knew the following spells:

 Your Spells              Type           Power        Failure   Level  Hunger
a - Confusing Touch       Hex            #.....       11%         1    #......


Dungeon Overview and Level Annotations

Branches:
Dungeon (1/15)

Altars:


Innate Abilities, Weirdness & Mutations

Your experience applies equally to all skills.
You have very sharp teeth.
Your uncanny sense of smell can sniff out nearby items.


Message History

* * * LOW HITPOINT WARNING * * *
The jackal closely misses you.
You closely miss the jackal.
The jackal is heavily wounded.
The frilled lizard bites you but does no damage.
The jackal barely misses you. The jackal bites you.
* * * LOW HITPOINT WARNING * * *
The jackal closely misses you.
You see here a scroll labeled KECIH WYPA.
The jackal closely misses you.
You barely miss the jackal. You punch the jackal, but do no damage.
Your bite misses the jackal.
The jackal is heavily wounded.
The jackal bites you but does no damage.
The jackal bites you.
* * * LOW HITPOINT WARNING * * *
The jackal barely misses you. The jackal bites you.
You die...

#.## #(...)#.###...............
#..## #.................#........
#...##.........#........#.#######
...............#..#.......#
''''##...........##.#....##
.....###.........##...#######
.......##...........#(..#...##
.......##.....#..##....†..%..##
'''#######......@.............#
.......#K#.....#hl#....)......#
###.8..###........#..?........#
........≈#......#..............
........≈#......##..#..........
.......≈≈#............##...##.#
.....≈≈≈≈#...............### #
≈.≈≈≈≈≈≈≈#.....##.........
≈<≈≈≈≈≈≈≈#.... .........##


You could see a jackal and a frilled lizard.

Vanquished Creatures
  A goblin (D:1)
  A jackal (D:1)
  3 kobolds (D:1)
  A ball python (D:1)
  4 bats (D:1)
  2 frilled lizards (D:1)
12 creatures vanquished.

Notes
Turn   | Place    | Note
-------+----------+-------------------------------------------
     0 | D:1      | Pedason the Gnoll Wanderer began the quest for the Orb.
     0 | D:1      | Pedason set off with: a +2 dagger, a scroll of fear, the Papyrus of the Oath, a +0 robe, a ration
     0 | D:1      | Reached XP level 1. HP: 17/17 MP: 4/4
     0 | D:1      | Identified the Papyrus of the Oath
     2 | D:1      | Learned a level 1 spell: Confusing Touch
   116 | D:1      | Reached XP level 2. HP: 20/23 MP: 5/5
   167 | D:1      | Slain by a jackal

Skill      XL: |  1 |
---------------+----+-----
Hexes          | 2 |  2.0
Fighting       | |  2.4
Short Blades   | |  0.3
Long Blades    | |  0.3
Axes           | |  0.3
Maces & Flails | |  0.3
Polearms       | |  0.3
Staves         | |  0.3
Slings         | |  0.3
Bows           | |  0.3
Crossbows      | |  0.3
Throwing       | |  0.3
Armour         | |  0.3
Dodging        | |  0.3
Stealth        | |  4.0
Shields        | |  0.3
Unarmed Combat | |  2.4
Spellcasting   | |  2.7
Conjurations   | |  0.2
Charms         | |  0.2
Summonings     | |  0.2
Necromancy     | |  0.2
Translocations | |  0.2
Transmutations | |  0.2
Fire Magic     | |  0.2
Ice Magic      | |  0.2
Air Magic      | |  0.2
Earth Magic    | |  5.3
Poison Magic   | |  0.2
Invocations    | |  0.4
Evocations     | |  2.4

Action                   || total
-------------------------++-------
Melee: Dagger            ||    29
       Bite              ||     3
       Punch             ||     1
Armor: Robe              ||     9
Dodge: Dodged            ||    32
